 Dungeon Crawl Stone Soup version 0.22-a0-617-g6d95e9e (webtiles) character file.

499 galech the Skirmisher (level 7, -3/74 HPs)
             Began as an Ogre Berserker on July 12, 2018.
             Was a Believer of Trog.
             Killed from afar by an orc wizard (8 damage)
             ... with a puff of flame
             ... on level 4 of the Dungeon.
             The game lasted 00:04:03 (3252 turns).

galech the Skirmisher (Ogre Berserker)              Turns: 3252, Time: 00:04:04

Health: -3/74      AC:  5    Str: 22    XL:     7   Next: 16%
Magic:  7/7        EV: 11    Int:  8    God:    Trog [**....]
Gold:   132        SH:  0    Dex: 10    Spells: 6/6 levels left

rFire    . . .     SeeInvis .   a - +0 mace
rCold    + . .     Gourm    .   (no shield)
rNeg     . . .     Faith    .   n - +2 robe {rC+}
rPois    .         Spirit   .   (helmet restricted)
rElec    .         Reflect  .   (no cloak)
rCorr    .         Harm     .   (gloves unavailable)
MR       ++...                  (boots unavailable)
Stlth    +.........             (no amulet)
HPRegen  1.22/turn              (no ring)
MPRegen  0.10/turn              (no ring)

@: berserk cooldown, regenerating, slowed, very slow
A: large, unfitting armour, tough skin 1
a: Berserk, Trog's Hand, Renounce Religion


You were on level 4 of the Dungeon.
You worshipped Trog.
Trog was pleased with you.
You were very hungry.

You visited 1 branch of the dungeon, and saw 4 of its levels.

You collected 132 gold pieces.

Inventory:

Hand Weapons
 a - a +0 mace (weapon)
Armour
 b - a +1 animal skin
 n - a +2 robe of cold resistance (worn)
Scrolls
 h - a scroll of enchant weapon
 i - 2 scrolls of teleportation
Potions
 d - a potion of magic {unknown}
 j - a potion of haste {unknown}
 k - 3 potions of lignification {unknown}
 m - a potion of agility {unknown}
 o - a potion of curing {unknown}
Comestibles
 c - 5 rations
 f - 2 chunks of flesh


   Skills:
 + Level 5.9 Fighting
 + Level 5.3 Maces & Flails
 + Level 4.5 Dodging
 + Level 0.3 Stealth


You had 6 spell levels left.
You didn't know any spells.
Your spell library was empty.

Dungeon Overview and Level Annotations

Branches:
Dungeon (4/15)
 Temple: D:4-7

Altars:
Cheibriados
Okawaru
The Shining One


Innate Abilities, Weirdness & Mutations

You are too large for most types of armour.
You have tough skin. (AC +1)


Message History

Something hits you.
* * * LOW HITPOINT WARNING * * *
You hit something.
You feel the effects of Trog's Hand fading.
Something hits you but does no damage. Something hits you.
* * * LOW HITPOINT WARNING * * *
You barely miss something. Something hits you.
* * * LOW HITPOINT WARNING * * *
Something hits you.
* * * LOW HITPOINT WARNING * * *
Something hits you.
* * * LOW HITPOINT WARNING * * *
You miss something.
You hear some strange, mumbled words.
A magic dart appears from out of thin air!
The magic dart hits you!
You hear some strange, mumbled words.
A puff of flame appears from out of thin air!
The puff of flame hits you!
You die...

,*******,**,,,,,,,,,,,#,##.......
,,,,,,,,,*#.......,,,,#.##.......
,*********#...(...,,,,#..'.......
,* #.......,*,*####....... ,*
#......#**,* #....... ,*
#.......,,,* #.......
,********##......#########.......
,,,,,,,,,.......{#.......'.......
**********#.....@..#######.......
########## #####... #... ####


There were no monsters in sight!

Vanquished Creatures
  Sigmund (D:3)
  A hound (D:4)
  An orc priest (D:4)
  A centaur skeleton (D:4)
  2 orc wizards (D:4)
  Jessica (D:3)
  Terence (D:2)
  4 gnolls (D:4)
  3 adders
  2 worms (D:3)
  2 dart slugs (D:2)
  2 orcs (D:3)
  8 bats
  5 giant cockroaches
  8 goblins
  8 hobgoblins
  16 jackals
  3 ball pythons (D:3)
  5 frilled lizards
  7 kobolds
  5 rats
86 creatures vanquished.

Notes
Turn   | Place    | Note
-------+----------+-------------------------------------------
     0 | D:1      | galech the Ogre Berserker began the quest for the Orb.
     0 | D:1      | Reached XP level 1. HP: 24/24 MP: 1/1
    49 | D:1      | Reached XP level 2. HP: 16/32 MP: 2/2
   364 | D:1      | Reached ** piety under Trog
   366 | D:1      | Reached XP level 3. HP: 36/40 MP: 3/3
   607 | D:2      | Noticed Terence
   865 | D:2      | Killed Terence
   865 | D:2      | Reached XP level 4. HP: 29/49 MP: 4/4
  1132 | D:2      | Found a snail-covered altar of Cheibriados.
  1661 | D:3      | Found an iron altar of Okawaru.
  1662 | D:3      | Found a glowing golden altar of the Shining One.
  1867 | D:3      | Reached XP level 5. HP: 52/55 MP: 5/5
  1891 | D:3      | Noticed Jessica
  1898 | D:3      | Killed Jessica
  1898 | D:3      | Reached *** piety under Trog
  1958 | D:3      | Reached skill level 5 in Fighting
  2376 | D:3      | Noticed Sigmund
  2391 | D:3      | Killed Sigmund
  2391 | D:3      | Reached XP level 6. HP: 24/66 MP: 6/6
  3158 | D:4      | Reached skill level 5 in Maces & Flails
  3224 | D:4      | Reached XP level 7. HP: 74/74 MP: 7/7
  3251 | D:4      | HP: 3/74 [something (2)]
  3252 | D:4      | Killed from afar by an orc wizard

Vault maps used:
D:1:      lemuel_arrival_hallway
D:2:      kennysheep_slug_shrine, first_ration, uniq_terence
D:3:      chequers_temple_overflow_statue_of_worship, uniq_jessica, uniq_sigmund

Skill      XL: |  1  2  3  4  5  6 |
---------------+-------------------+-----
Maces & Flails | 3 4 5 |  5.3
Dodging        | 3 4 |  4.5
Fighting       | 5 |  5.9
Stealth        | |  0.3

Action                   |  1- 3 |  4- 6 |  7- 9 || total
-------------------------+-------+-------+-------++-------
Melee: Mace              |   108 |   182 |    26 ||   316
Invok: Berserk           |     4 |     4 |       ||     8
       Trog's Hand       |     1 |     1 |     1 ||     3
  Use: Scroll            |       |     6 |       ||     6
  Eat: Chunk             |     3 |     9 |       ||    12
       Ration            |       |     1 |       ||     1
Armor: Animal skin       |    42 |    32 |       ||    74
       Robe              |       |    24 |    15 ||    39
Dodge: Dodged            |    89 |   129 |     4 ||   222

Table legend:
 A = Spawn XP
 B = Non-spawn XP
 C = Spawn XP percentage of total XP
 D = Spawn monster count
 E = Non-spawn monster count
 F = Spawn count percentage of total count
 G = Total turns spent on level
                    A         B        C        D         E        F      G
               +---------+---------+-------+---------+---------+-------+---------
         Total |       0 |     714 |   0.0 |       0 |      86 |   0.0 |  3252
               +---------+---------+-------+---------+---------+-------+---------
           D:1 |       0 |      44 |   0.0 |       0 |      25 |   0.0 |   805
           D:2 |       0 |      96 |   0.0 |       0 |      27 |   0.0 |   765
           D:3 |       0 |     316 |   0.0 |       0 |      25 |   0.0 |  1348
           D:4 |       0 |     258 |   0.0 |       0 |       9 |   0.0 |   334
               +---------+---------+-------+---------+---------+-------+---------
